 Dungeon Crawl Stone Soup version 0.29-a0-330-g52719c12eb (webtiles) character file.

Game seed: 15319370101611504696

9070 kae the Zephyrmancer (level 11, -3/88 HPs)
             Began as an Ogre Air Elementalist on Apr 14, 2022.
             Was an Initiate of Gozag.
             Slain by a skeletal warrior
             ... wielding a +0 glaive
             ... led by a skeletal warrior
              (27 damage)
             ... on level 11 of the Dungeon.
             The game lasted 00:15:04 (16171 turns).

kae the Zephyrmancer (Ogre Air Elementalist)       Turns: 16171, Time: 00:15:05

Health: -3/88      AC: 11    Str: 14    XL:     11   Next: 40%
Magic:  1/33       EV: 13    Int: 20    God:    Gozag
Gold:   723        SH:  0    Dex:  9    Spells: 19/29 levels left

rFire   . . .      SeeInvis .   r - staff of conjuration
rCold   . . .      Faith    .   (no shield)
rNeg    . . .      Spirit   .   t - +1 steam dragon scales
rPois   +          Reflect  .   (helmet restricted)
rElec   .          Harm     .   B - +1 cloak {Will+}
rCorr   .          Rampage  .   (gloves unavailable)
Will    ++...                   (boots unavailable)
Stlth   +.........              (no amulet)
HPRegen 0.24/turn               q - ring of magical power
MPRegen 0.23/turn               j - +4 ring of evasion

@: no status effects
A: large, unfitting armour, tough skin 1, iridescent scales 1, poison resistance
a: Renounce Religion, Potion Petition, Call Merchant, Bribe Branch


You were on level 11 of the Dungeon.
You worshipped Gozag.
Gozag was pleased with you.
You visited 2 branches of the dungeon, and saw 12 of its levels.
You also visited: Sewer.

You collected 1067 gold pieces.
You spent 181 gold pieces at shops.
You paid 163 gold pieces to Gozag.

Inventory:

Hand Weapons
 n - a +0 short sword
Missiles
 o - 3 throwing nets
Armour
 t - +1 steam dragon scales (worn)
 B - a +1 cloak of willpower (worn)
Magical Staves
 r - a staff of conjuration (weapon)
Jewellery
 b - a ring of flight
 j - a +4 ring of evasion (right hand)
 m - a ring of positive energy
 q - a ring of magical power (left hand)
Wands
 c - a wand of polymorph (13)
 g - a wand of iceblast (10)
 p - a wand of digging (4)
 x - a wand of charming (9)
 y - a wand of flame (20)
 C - a wand of paralysis (10)
Scrolls
 f - 5 scrolls of identify
 i - 5 scrolls of fear
 k - 5 scrolls of teleportation
 v - 2 scrolls of enchant weapon
 w - a scroll of fog
 F - a scroll of amnesia
Potions
 a - 2 potions of ambrosia
 d - 4 potions of curing
 e - 2 potions of cancellation
 h - a potion of brilliance
 l - a potion of lignification
 s - 2 potions of mutation
 u - 2 potions of haste
 z - a potion of attraction
 D - a potion of degeneration
 E - 2 potions of might
 G - a potion of flight {unknown}


   Skills:
 - Level 1.7 Dodging
 - Level 1.4 Stealth
 + Level 9.9 Spellcasting
 + Level 8.0 Conjurations
 * Level 11.7 Air Magic


You had 19 spell levels left.
You knew the following spells:

 Your Spells              Type           Power      Damage    Failure   Level
a - Shock                 Conj/Air       100%       1d9       1%          1
b - Static Discharge      Conj/Air       65%        N/A       1%          2
c - Swiftness             Air            54%        N/A       1%          3
d - Airstrike             Air            27%        N/A       1%          4

Your spell library contained the following spells:

 Spells                   Type           Power      Damage    Failure   Level
 Mephitic Cloud           Conj/Pois/Air  53%        N/A       1%          3
 Stone Arrow              Conj/Erth      78%        3d11      4%          3
 Freeze                   Ice            36%        1d6       7%          1
 Ensorcelled Hibernation  Hex/Ice        18%        N/A       11%         2
 Passwall                 Tmut/Erth      7%         N/A       11%         2
 Hailstorm                Conj/Ice       39%        3d9       13%         4
 Freezing Cloud           Conj/Ice/Air   26%        6-21      13%         5
 Frozen Ramparts          Ice            18%        1d3       22%         3
 Ignite Poison            Fire/Tmut/Pois 9%         N/A       22%         3
 Portal Projectile        Hex/Tloc       18%        N/A       22%         3
 Animate Armour           Summ/Erth      18%        N/A       56%         4
 Ice Form                 Ice/Tmut       9%         N/A       56%         4
 Olgreb's Toxic Radiance  Pois           9%         N/A       56%         4
 Summon Ice Beast         Ice/Summ       9%         N/A       56%         4
 Blade Hands              Tmut           4%         N/A       89%         5
 Excruciating Wounds      Necr           4%         N/A       89%         5
 Ozocubu's Refrigeration  Ice            4%         4d5       100%        7
 Ignition                 Fire           4%         3d4       100%        8
 Lehudib's Crystal Spear  Conj/Erth      19%        10d6      100%        8


Dungeon Overview and Level Annotations

Branches:
Dungeon (11/15)            Temple (1/1) D:6            Lair (0/6) D:8
    Orc (0/2) D:9           Sewer (visited)

Altars:
Ashenzari
Cheibriados
Dithmenos
Elyvilon
Fedhas
Gozag
Hepliaklqana
Kikubaaqudgha
Makhleb
Nemelex Xobeh
Okawaru
Qazlal
Ru
Sif Muna
Trog
Uskayaw
Vehumet
Wu Jian
Xom
Yredelemnul
Zin
The Shining One
Beogh

Shops:
D:1 [   D:2 [   D:4 [   D:8 =([:=


Innate Abilities, Weirdness & Mutations

You are too large for most types of armour.
You have tough skin. (AC +1)
You are partially covered in iridescent scales. (AC +2)
Your system is resistant to poisons. (rPois)


Message History

Confirm with . or Enter, or press ? or * to list all spells.
Aiming: Airstrike (mildly dangerous; 1% risk of failure)
Press: ? - help, Dir - move target, f/p - skeletal warrior
Aim: a skeletal warrior, wielding a +0 mace (severely damaged, empty space bonus: 2/8)
The air twists around and strikes the skeletal warrior.
The skeletal warrior is severely damaged.
The skeletal warrior hits you with a +0 mace!
Casting: Airstrike (mildly dangerous; 1% risk of failure)
Confirm with . or Enter, or press ? or * to list all spells.
Aiming: Airstrike (mildly dangerous; 1% risk of failure)
Press: ? - help, Dir - move target, f/p - skeletal warrior
Aim: a skeletal warrior, wielding a +0 mace (severely damaged, empty space bonus: 2/8)
The air twists around and strikes the skeletal warrior!
The skeletal warrior is severely damaged.
The skeletal warrior hits you with a +0 mace!
Casting: Airstrike (mildly dangerous; 1% risk of failure)
Confirm with . or Enter, or press ? or * to list all spells.
You don't have enough magic to cast this spell.
Okay, then.
Okay, then.
Casting: Airstrike (mildly dangerous; 1% risk of failure)
Confirm with . or Enter, or press ? or * to list all spells.
You feel a surge of power!
The skeletal warrior is struck by an arc of lightning.
The skeletal warrior is severely damaged.
You are struck by an arc of lightning.
The skeletal warrior is struck by an arc of lightning.
The skeletal warrior is almost destroyed.
You are struck by an arc of lightning.
The lightning grounds out.
The skeletal warrior hits you with a +0 mace!
The skeletal warrior hits you from afar with a +0 glaive!
The skeletal warrior hits you with a +0 mace!!
* * * LOW HITPOINT WARNING * * *
The skeletal warrior hits you from afar with a +0 glaive!
* * * LOW HITPOINT WARNING * * *
Okay, then.
You feel much better. The skeletal warrior barely misses you.
The skeletal warrior hits you from afar with a +0 glaive!!
You die...
Your body crumbles into a pile of gold.

#...##....#
#.#.......########.##
#...##....# #.#.####### #.#
#...##....# #.#.# #.#
#(..##.#'## #.#.##############.#
#......#.# #.#................#
#..#####.####.#..###############
#..##.........#.......##########
#..##.........#..####.##.......#
#..##.........##@####.##.#####.#
...#####.####.#..zzz.......# #.#
#.## #.###..#####.######## #.#
#.# #.#........#.# #.#
..######.+........#.# #.#
z......###........#.####### #.#
...z...........##.........# #.#
.............≈.##.#.......# #.#
#####.......≈≈..#.#####.#.# #.#


You could see 3 skeletal warriors.

Vanquished Creatures
  A hydra (D:11)
  A two-headed ogre (D:9)
  A kobold demonologist (D:11)
  3 wyverns (D:9)
  5 yaks (D:10)
  A vampire (D:9)
  A wraith (D:11)
  4 steam dragons
  6 vampire mosquitoes (D:10)
  4 acid dragons
  A water moccasin (D:9)
  8 orc warriors
  3 black bears
  6 sky beasts
  4 ogres
  2 centaurs
  A phantom (D:5)
  5 kobold brigands
  A gnoll sergeant (D:6)
  A bullfrog (D:7)
  3 scorpions
  3 lava snakes (D:8)
  2 jellies
  3 hounds (D:6)
  2 gnoll shamans
  8 orc priests
  4 iguanas
  17 orc wizards
  14 gnolls
  4 river rats (Sewer)
  8 adders
  A shadow imp (D:6)
  3 white imps
  2 ufetubi
  3 worms
  2 dart slugs
  39 orcs
  4 endoplasms
  5 giant cockroaches
  8 goblins
  A hobgoblin (D:3)
  4 jackals
  2 quokkas
  15 ball pythons
  5 bats
  5 frilled lizards
  30 kobolds
  12 rats
268 creatures vanquished.

Vanquished Creatures (collateral kills)
  A gnoll (D:3)
  A bat (D:3)
  A quokka (D:3)
3 creatures vanquished.

Vanquished Creatures (others)
  A sky beast (D:10)
  A kobold brigand (D:9)
  2 kobolds (D:9)
  9 plants (Sewer)
13 creatures vanquished.

Grand Total: 284 creatures vanquished

Notes
Turn   | Place    | Note
-------+----------+-------------------------------------------
     0 | D:1      | kae the Ogre Air Elementalist began the quest for the Orb.
     0 | D:1      | Reached XP level 1. HP: 16/16 MP: 3/3
   110 | D:1      | Reached skill level 1 in Conjurations
   431 | D:1      | Reached XP level 2. HP: 24/24 MP: 3/5
   458 | D:1      | Reached skill level 3 in Air Magic
   950 | D:1      | Found a faded altar of an unknown god.
  1001 | D:1      | Found Nicyru's Armour Emporium.
  1504 | D:2      | Reached XP level 3. HP: 31/31 MP: 0/7
  1591 | D:2      | Found Pyxeaz's Antique Armour Shoppe.
  2157 | D:3      | Reached XP level 4. HP: 31/39 MP: 3/8
  2448 | D:2      | Reached skill level 4 in Air Magic
  2448 | D:2      | Reached XP level 5. HP: 40/45 MP: 1/10
  2534 | D:3      | Learned a level 2 spell: Static Discharge
  2538 | D:3      | Learned a level 3 spell: Swiftness
  2543 | D:3      | Learned a level 4 spell: Airstrike
  3136 | D:3      | Found an iron altar of Okawaru.
  3328 | D:3      | Found a broken altar of Ashenzari.
  3412 | D:4      | Found Ceciaf's Armour Emporium.
  3477 | D:4      | Identified the +7 dagger of Houdwas {vorpal, SInv Stlth+}
  3641 | D:4      | Reached XP level 6. HP: 53/53 MP: 0/12
  4122 | D:4      | Gained mutation: Your system is resistant to poisons.
                  | (rPois) [potion of mutation]
  4122 | D:4      | Gained mutation: You are partially covered in iridescent
                  | scales. (AC +2) [potion of mutation]
  4131 | D:4      | Reached skill level 5 in Air Magic
  4625 | D:4      | Reached XP level 7. HP: 37/59 MP: 6/13
  4849 | D:4      | Noticed a yak
  4849 | D:4      | Noticed a yak
  4849 | D:4      | Noticed a yak
  4850 | D:4      | Noticed a yak
  5015 | D:4      | Found a blossoming altar of Fedhas.
  5130 | D:4      | Found a stormy altar of Qazlal.
  5223 | D:5      | Entered Level 5 of the Dungeon
  5547 | D:5      | Reached skill level 5 in Spellcasting
  5547 | D:5      | Reached skill level 6 in Air Magic
  5615 | D:4      | Reached XP level 8. HP: 66/67 MP: 1/15
  5870 | D:5      | Found a glowing drain.
  5874 | Sewer    | Entered a sewer
  5968 | Sewer    | Reached skill level 7 in Air Magic
  7283 | D:6      | Found a staircase to the Ecumenical Temple.
  7288 | D:6      | Reached skill level 5 in Conjurations
  7288 | D:6      | Reached XP level 9. HP: 42/74 MP: 1/18
  7432 | D:6      | Found a bloodstained altar of Trog.
  7438 | Temple   | Entered the Ecumenical Temple
  7648 | D:6      | Found a sacrificial altar of Ru.
  7879 | D:6      | Reached skill level 8 in Air Magic
 10206 | D:8      | Found Xeigif's Weapon Emporium.
 10253 | D:8      | Found a shimmering altar of Xom.
 10279 | D:8      | Found Dashriv's Book Shoppe.
 10319 | D:8      | Found Wig Huemp's Armour Emporium.
 10327 | D:8      | Bought a +1 cloak of willpower for 181 gold pieces
 10355 | D:8      | Reached skill level 9 in Air Magic
 10482 | D:8      | Found a shimmering blue altar of Sif Muna.
 10929 | D:8      | Reached XP level 10. HP: 81/81 MP: 8/21
 11130 | D:8      | Found an ancient bone altar of Kikubaaqudgha.
 11249 | D:8      | Found an opulent altar of Gozag.
 11354 | D:8      | Found a staircase to the Lair.
 11365 | D:8      | Found Fuor's One-of-a-Kind Rings.
 11523 | D:8      | Found Uronlat's Jewellery Boutique.
 11686 | D:9      | Found a staircase to the Orcish Mines.
 12131 | D:9      | Reached skill level 10 in Air Magic
 12404 | D:9      | Noticed a two-headed ogre
 12408 | D:9      | Killed a two-headed ogre
 13163 | D:8      | Became a worshipper of Gozag Ym Sagoz the Greedy
 13206 | D:10     | Entered Level 10 of the Dungeon
 13810 | D:10     | Reached skill level 11 in Air Magic
 13906 | D:10     | Reached XP level 11. HP: 88/88 MP: 20/24
 14786 | D:10     | Found a basalt altar of Yredelemnul.
 15286 | D:11     | Noticed a boulder beetle
 15566 | D:11     | Noticed a skeletal warrior
 15568 | D:11     | Noticed a skeletal warrior
 15569 | D:11     | Noticed a skeletal warrior
 15679 | D:11     | Noticed a five-headed hydra
 15683 | D:11     | Killed a five-headed hydra
 15913 | D:11     | Noticed a skeletal warrior
 16171 | D:11     | Slain by a skeletal warrior

Illustrated notes

Levels and vault maps discovered:
D:1:      shiori_arrival_elements, layout_loops_ring, serial_shops,
          nicolae_shop_crystal, hellmonk_ecumenical_altar_arch_garden,
          minmay_rat_gold_closets
D:2:      layout_rooms, serial_shops, nicolae_shop_trees, minmay_pentomino_t2
D:3:      layout_basic, mainiacjoe_overflow_cross_hatched,
          mainiacjoe_overflow_small_starburst
D:4:      layout_loops_cross, fedhas_altar_4, kennysheep_mini_moat,
          serial_shops, nicolae_stop_n_shop_1,
          minmay_a_box_with_orc_wizards_in_it
D:5:      layout_rooms, gup_sewer_entry_bowl
D:6:      layout_loops_ring, mainiacjoe_overflow_catwalk, bloody_trog,
          minmay_temple_entry_grid, roderic_cross_of_infinity, st_stairs_11,
          hangedman_decor_opposing
D:7:      layout_loops_corners
D:8:      layout_loops_ring, lemuel_doored_altar, lemuel_tele_altar,
          mainiacjoe_overflow_catch_the_wave, lair_entry_dummy, serial_shops,
          nicolae_shop_behind_doors, nicolae_stop_n_shop_2, shop,
          nicolae_stop_n_shop_2, st_stairs_10, kennysheep_small_spiral,
          nicolae_shop_unique_rings, minmay_misc_feat_plants,
          minmay_misc_feat_tower
D:9:      layout_long_grid, minmay_orc_entry_temple_small
D:10:     layout_loops_ring, nicolae_overflow_hidden_temple,
          hangedman_misty_isle
D:11:     layout_basic
Temple:   jpeg_temple_clearing

Skill      XL: |  1  2  3  4  5  6  7  8  9 10 11 |
---------------+----------------------------------+-----
Conjurations   | 1 2 3 5 6 7 8 |  8.0
Air Magic      | 3 4 5 6 7 9 11 | 11.7
Spellcasting   | 3 4 5 6 7 9 |  9.9
Dodging        | |  1.7
Stealth        | |  1.4

Action                   |  1- 3 |  4- 6 |  7- 9 | 10-12 || total
-------------------------+-------+-------+-------+-------++-------
Melee: Unarmed           |    30 |    18 |       |       ||    48
       Short sword       |       |     4 |     6 |       ||    10
       Staff             |       |       |    42 |    42 ||    84
       Punch             |       |       |     1 |       ||     1
 Cast: Shock             |    62 |   102 |   197 |    33 ||   394
       Static Discharge  |       |    18 |    25 |    37 ||    80
       Airstrike         |       |       |    49 |   108 ||   157
       Swiftness         |       |       |     1 |     2 ||     3
Evoke: Wand              |       |       |     1 |       ||     1
  Use: Scroll            |     5 |     4 |     8 |     5 ||    22
       Potion            |     2 |     3 |       |     1 ||     6
 Stab: Sleeping          |     3 |     1 |     1 |       ||     5
Armor: Robe              |    14 |    18 |    33 |       ||    65
       Steam dragon scal |       |       |    10 |    51 ||    61
Dodge: Dodged            |    26 |    44 |    91 |    83 ||   244

Table legend: (Time is in decaauts)
 A = Elapsed time spent in this place.
 B = Non-inter-level travel time spent in this place.
 C = Inter-level travel time spent in this place.
 D = Time resting spent in this place.
 E = Time spent auto-exploring this place.
 F = Levels seen in this place.
 G = Mean time per level.
                   A        B        C        D        E       F      G
               +--------+--------+--------+--------+--------+-----+--------+
         Total |  16177 |  15653 |    524 |   2254 |  11432 |  13 | 1244.4 |
       Dungeon |  15051 |  14545 |    506 |   1965 |  10714 |  11 | 1368.3 |
        Temple |    156 |    138 |     18 |      0 |    127 |   1 |  156.0 |
         Sewer |    969 |    969 |      0 |    289 |    591 |   1 |  969.0 |
               +--------+--------+--------+--------+--------+-----+--------+

Top non-repeatable levels by time:
    D:10: 1999 daAuts
     D:4: 1901 daAuts
     D:9: 1654 daAuts
     D:6: 1535 daAuts
     D:8: 1438 daAuts
     D:1: 1286 daAuts
     D:2: 1188 daAuts
     D:3: 1109 daAuts
     D:7: 1092 daAuts
   Sewer: 969 daAuts
     D:5: 963 daAuts
    D:11: 881 daAuts
  Temple: 156 daAuts
